 Dungeon Crawl Stone Soup version 0.30.1-9-gdf580d7c3d (webtiles) character file.

Game seed: 17464876285319569810

21 monsoonserge the Ducker (level 2, 25/25 HPs)
             Began as a Merfolk Monk on Oct 25, 2023.
             Was an Initiate of Ashenzari.
             Got out of the dungeon alive.
             The game lasted 00:01:30 (404 turns).

monsoonserge the Ducker (Merfolk Monk)               Turns: 404, Time: 00:01:31

Health: 25/25      AC:  2    Str: 11    XL:     2   Next: 87%
Magic:  2/2        EV: 14    Int:  9    God:    Ashenzari [......]
Gold:   34         SH:  0    Dex: 16    Spells: 1/1 levels left

rFire   . . .        a - +0 falchion
rCold   . . .        d - orb {light}
rNeg    . . .        b - +0 robe
rPois   .            (no helmet)
rElec   .            (no cloak)
rCorr   .            (no gloves)
SInv    .            (no boots)
Will    .....        (no amulet)
Stlth   +            (no ring)
HPRegen 0.24/turn    (no ring)
MPRegen 0.08/turn

%: no passive effects
@: glowing
A: (nimble swimmer 2), mertail
a: Renounce Religion, Curse Item


You escaped.
You worshipped Ashenzari.
Ashenzari was noncommittal.
You visited 1 branch of the dungeon, and saw 1 of its levels.

You collected 34 gold pieces.

Inventory:

Hand Weapons
 a - a +0 falchion (weapon)
Missiles
 i - 2 silver javelins (quivered)
Armour
 b - a +0 robe (worn)
 d - an orb of light (worn)
Scrolls
 f - a scroll of identify {unknown}
 g - a scroll of teleportation {unknown}
 j - a scroll of immolation {unknown}
Potions
 c - a potion of ambrosia
 e - a potion of mutation {unknown}
 h - a potion of heal wounds {unknown}


   Skills:
 + Level 3.6 Fighting
 + Level 4.1 Long Blades
 + Level 4.4 Dodging


You had one spell level left.
You didn't know any spells.
Your spell library was empty.

Dungeon Overview and Level Annotations

Branches:
Dungeon (1/15)

Altars:
Ashenzari


Innate Abilities, Weirdness & Mutations

((You are very nimble when in or above water. (Stealth+, EV+, Speed+++)))
Your lower body shifts to a powerful aquatic tail in water.


Message History

You hit the hobgoblin.
You kill the hobgoblin!
A goblin comes into view. It is wielding a +0 dagger.
The goblin shouts!
The goblin hits you but does no damage.
You hit the goblin.
The goblin is heavily wounded.
The goblin barely misses you.
You hit the goblin.
You kill the goblin!
You see here a +0 dagger.
A rat comes into view.
You barely miss the rat. The rat bites you.
You hit the rat but do no damage. The rat closely misses you.
You barely miss the rat. The rat misses you.
You hit the rat.
You kill the rat!
You see here a rat corpse.
Found a faded altar of an unknown god.
You now have 34 gold pieces (gained 12).
There are no items here.
There is a faded altar of an unknown god here.
This altar belongs to (a) Gozag, (b) Wu Jian or (c) Ashenzari, but you can't tell which.
Press the corresponding letter to learn more about a god, or press enter to convert or escape to cancel.
Okay, then.
This altar belongs to (a) Gozag, (b) Wu Jian or (c) Ashenzari, but you can't tell which.
Press the corresponding letter to learn more about a god, or press enter to convert or escape to cancel.
Ashenzari accepts your prayer! Ashenzari welcomes you!
Ashenzari invites you to partake of a vision and a curse of melee combat and ranged combat.
Ashenzari warns you of distant threats and treasures.
Ashenzari reveals the structure of the dungeon to you.
Ashenzari shows you where magical portals lie.
Okay, then.
Okay, then.
Ashenzari invites you to partake of a vision and a curse of elements and evocations.
Okay, then.
There is an open door here.
You see here a rat skeleton.
You see here 3 stones.
There is an open door here.
There is a staircase leading out of the dungeon here.
Are you sure you want to leave the Dungeon?
This will make you lose the game!
You have escaped!

#.####'## ##>## ##'##
#(.##...######...######...##
####..)....................#
#..⌠........⌠.....÷..⌠..#
#...............(.......#
##...######...######...##
##### #####'##### #####
##.........## #..♣..@..♣..#
##.........## ###########


There were no monsters in sight!

Vanquished Creatures
  2 ball pythons (D:1)
  2 goblins (D:1)
  A hobgoblin (D:1)
  4 jackals (D:1)
  A quokka (D:1)
  2 bats (D:1)
  A frilled lizard (D:1)
  2 kobolds (D:1)
  4 rats (D:1)
19 creatures vanquished.

Notes
Turn   | Place    | Note
-------+----------+-------------------------------------------
     0 | D:1      | monsoonserge the Merfolk Monk began the quest for the Orb.
     0 | D:1      | Reached XP level 1. HP: 18/18 MP: 1/1
    99 | D:1      | Reached XP level 2. HP: 24/24 MP: 2/2
   313 | D:1      | Found a faded altar of an unknown god.
   324 | D:1      | Prayed at the altar of an unknown god.
   324 | D:1      | Became a worshipper of Ashenzari the Shackled
   404 | D:$      | Got out of the dungeon alive.

Illustrated notes

Levels and vault maps discovered:
D:1:      minmay_arrival_split_and_join, layout_loops_ring,
          shapermc_ecumenical_altar_mp_highgroup

Skill      XL: |  1  2 |
---------------+-------+-----
Long Blades    | 4 |  4.1
Fighting       | |  3.6
Dodging        | |  4.4

Action                     || total
---------------------------++-------
  Melee: Falchion          ||    38
 Armour: Robe              ||     7
  Dodge: Dodged            ||    35
